 Dungeon Sprint DCSS version 0.30.1-11-g7821555f0a (webtiles) character file.

Game seed: 3541638059482156812

239 Groucho the Ducker (level 5, 0/45 HPs)
             Began as a Spriggan Fighter on Jan 5, 2024.
             Splashed by a jelly's acid (2 damage)
             ... in the Dungeon (Sprint IX: "|||||||||||||||||||||||||||||").
             The game lasted 00:00:41 (37 turns).

Groucho the Ducker (Spriggan Fighter)                 Turns: 37, Time: 00:00:41

Health: 0/45       AC: -1    Str: 12    XL:     5   Next: 79%
Magic:  2/9        EV: 20    Int: 10    God:
Gold:   0          SH:  5    Dex: 16    Spells: 4/4 levels left

rFire   . . .        a - +0 rapier
rCold   . . .        c - +0 buckler
rNeg    . . .        b - +0 robe
rPois   .            (helmet restricted)
rElec   .            (no cloak)
rCorr   .            (gloves unavailable)
SInv    +            (boots unavailable)
Will    .....        (no amulet) Stlth
                     (no ring)
HPRegen 0.27/turn    (no ring)
MPRegen 0.11/turn

%: no teleportation
@: berserking (expiring), lethally poisoned (0 -> -7), corroded, very quick
A: very small, no large weapons, unfitting armour, see invisible, speed 3
a: no special abilities


You were in the Dungeon.
You visited 1 branch

Inventory:

Hand Weapons
 a - a +0 rapier (weapon)
Armour
 b - a +0 robe (worn)
 c - a +0 buckler (worn)
Scrolls
 j - a scroll of blinking
Potions
 d - a potion of might
 f - a potion of heal wounds
 g - a potion of haste
 h - 2 potions of magic


   Skills:
 * Level 5.1 Fighting
 * Level 6.2 Short Blades
 + Level 2.5 Armour
 + Level 6.4 Dodging
 + Level 5.7 Stealth
 + Level 3.5 Shields
 * Level 5.2 Invocations


You had 4 spell levels left.
You didn't know any spells.
Your spell library was empty.

Dungeon Overview and Level Annotations

Branches:
Dungeon (1/1)

Altars:


Innate Abilities, Weirdness & Mutations

You are very small and have problems with some larger weapons.
You are too small for most types of armour.
You have supernaturally acute eyesight. (SInv)
You cover ground extremely quickly. (Speed+++)


Message History

The water moccasin is severely wounded.
You feel very sick. The water moccasin bites you.
* * * LOW HITPOINT WARNING * * *
You closely miss the water moccasin.
The water moccasin is severely wounded.
* * * LOW HITPOINT WARNING * * *
You feel very sick.
The water moccasin completely misses you.
You puncture the water moccasin!
You kill the water moccasin!
* * * LOW HITPOINT WARNING * * *
You feel sick.
Your Fighting skill increases to level 5!
Your Short Blades skill increases to level 6!
Your Armour skill increases to level 2!
Your Dodging skill increases to level 6!
Your Stealth skill increases to level 5!
Your Invocations skill increases to level 5!
You have reached level 5!
You feel clever.
Unknown command.
You puncture the adder!
The adder is severely wounded.
* * * LOW HITPOINT WARNING * * *
You feel sick. You block the adder's attack.
You hit the adder.
You kill the adder!
* * * LOW HITPOINT WARNING * * *
You feel sick.
Unknown command.
You hit the jelly. The acid corrodes you!
Your hands burn!
* * * LOW HITPOINT WARNING * * *
The jelly is moderately wounded.
* * * LOW HITPOINT WARNING * * *
You feel sick. You block the jelly's attack.
Unknown command.
Unknown command.
You puncture the jelly!
Your hands burn!
You die... ▓▓▓▓▓▓▓▓▓▓▓▓▓▓▓▓▓▓ +.....J@...)'...<▓ ▓▓▓▓▓▓▓▓▓▓▓▓▓▓▓▓▓▓

You could see a jelly.

Vanquished Creatures
  A water moccasin (D)
  A black bear (D)
  An iguana (D)
  An adder (D)
  A goblin (D)
  A hobgoblin (D)
  A kobold (D)
  2 rats (D)
9 creatures vanquished.

Notes
Turn   | Place    | Note
-------+----------+-------------------------------------------
     0 | D        | Groucho the Spriggan Fighter began the quest for the Orb.
     0 | D        | Reached XP level 1. HP: 11/11 MP: 2/2
     7 | D        | Reached skill level 1 in Stealth
    12 | D        | Reached skill level 1 in Invocations
    20 | D        | Noticed a jelly
    20 | D        | Noticed a water moccasin
    20 | D        | Noticed an iguana
    20 | D        | Noticed a black bear
    26 | D        | Killed a black bear
    27 | D        | Reached skill level 1 in Armour
    27 | D        | Reached skill level 5 in Dodging
    27 | D        | Reached XP level 2. HP: 11/17 MP: 2/5
    27 | D        | Reached XP level 3. HP: 14/21 MP: 2/6
    27 | D        | Reached XP level 4. HP: 17/25 MP: 2/7
    30 | D        | Reached skill level 5 in Short Blades
    33 | D        | Killed a water moccasin
    34 | D        | Reached skill level 5 in Fighting
    34 | D        | Reached skill level 5 in Stealth
    34 | D        | Reached skill level 5 in Invocations
    34 | D        | Reached XP level 5. HP: 7/30 MP: 2/9
    36 | D        | HP: 2/45 [acid (2)]
    37 | D        | Splashed by a jelly's acid

Illustrated notes

Levels and vault maps discovered:
D:        linesprint [early_d, line_temple, items_1, d_10, items_2, lair_1,
          lair_end, items_3, orc_1, orc_end, items_4, d_15, swamp_1, shoals_1,
          snake_1, spider_1, d_20, vaults_1, items_5, swamp_end, shoals_end,
          snake_end, spider_end, vaults_end, d_27, items_6, zot_1, zot_end,
          crypt_end, forest_end, elf_end, slime_end, tomb_end, abyss_end,
          pan_hell_end]

Skill      XL: |  1  2  3  4 |
---------------+-------------+-----
Stealth        | 4 5 |  5.7
Invocations    | 3 5 |  5.2
Fighting       | 4 5 |  5.1
Short Blades   | 4 6 |  6.2
Armour         | 1 2 |  2.5
Dodging        | 5 6 |  6.4
Shields        | 3 |  3.5

Action                     |  1- 3 |  4- 6 || total
---------------------------+-------+-------++-------
  Melee: Rapier            |    14 |    11 ||    25
    Use: Potion            |     2 |       ||     2
   Stab: Distracted        |     1 |       ||     1
 Armour: Robe              |     2 |       ||     2
  Dodge: Dodged            |    12 |     2 ||    14
  Block: Buckler           |     1 |     2 ||     3
